 Dungeon Crawl Stone Soup version 0.25-a0-420-g1cc7eeb (webtiles) character file.

Game seed: 9651645697963551049, levelgen mode: deterministic

402609 Auros the Slingshot (level 24, -22/160 (163) HPs)
             Began as a Halfling Hunter on Jan 9, 2020.
             Was a High Priest of Fedhas.
             Killed from afar by a storm dragon (39 damage)
             ... with a bolt of lightning
             ... on level 5 of the Vaults on Jan 18, 2020.
             The game lasted 14:51:54 (99522 turns).

Auros the Slingshot (Halfling Hunter)              Turns: 99522, Time: 14:52:06

HP:   -22/160 (163) AC: 32    Str: 22    XL:     24   Next: 45%
MP:   27/36         EV: 35    Int: 12    God:    Fedhas [*****.]
Gold: 2481          SH:  0    Dex: 27    Spells: 21/23 levels left

rFire    + + .     SeeInvis .   W - +6 arbalest "Damnation" {damnation}
rCold    . . .     Gourm    .   (shield currently unavailable)
rNeg     . . .     Faith    .   R - +0 fire dragon scales
rPois    +         Spirit   .   Y - +2 helmet {Int+3}
rElec    .         Reflect  .   B - +1 cloak "Woaczuh" {+Fly rC+ MR+}
rCorr    .         Harm     .   b - +2 pair of gloves
MR       ++...                  P - +1 pair of boots
Stlth    +++++.....             (no amulet)
HPRegen  0.36/turn              f - ring of poison resistance
MPRegen  0.25/turn              A - +5 ring of protection

@: mighty, agile, very slightly contaminated, hasted, studying Short Blades,
very quick
A: small, mutation resistance 1
}: 2/15 runes: decaying, gossamer
a: Wall of Briars, Grow Ballistomycete, Overgrow, Grow Oklob, Renounce Religion,
Evoke Flight


You were on level 5 of the Vaults.
You worshipped Fedhas.
Fedhas was extremely pleased with you.
You were hungry.

You visited 9 branches of the dungeon, and saw 41 of its levels.

You collected 4714 gold pieces.
You spent 2233 gold pieces at shops.

Inventory:

Hand Weapons
 j - a +2 short sword of electrocution
 l - a +9 fustibalus of venom
 W - the +6 arbalest "Damnation" (weapon) {damnation}
   (You found it on level 1 of the Vaults)
Missiles
 y - an arrow
 J - 35 sling bullets
 O - 831 bolts (quivered) {This is a bolt}
 U - a curare-tipped dart
 X - 4 silver boomerangs
 Z - 61 stones
Armour
 b - a +2 pair of gloves (worn)
 B - the +1 cloak "Woaczuh" (worn) {+Fly rC+ MR+}
   (You found it on level 2 of the Spider Nest)

   It protects you from cold.
   It affects your resistance to hostile enchantments.
   It lets you fly.
 L - the +8 orange crystal plate armour {Archmagi, Int+3 Clar}
   (You found it on level 6 of the Lair of Beasts)

   It affects your intelligence (+3).
   It protects you against confusion.
 P - a +1 pair of boots (worn)
 Q - quicksilver dragon scales
 R - +0 fire dragon scales (worn)
 Y - a +2 helmet of intelligence (worn)
Jewellery
 e - an uncursed ring of resist corrosion
 f - a ring of poison resistance (left hand)
 A - a +5 ring of protection (right hand)
Wands
 r - a wand of acid (1)
 F - a wand of paralysis (29)
 H - a wand of digging (3)
 I - a wand of polymorph (40)
 M - a wand of disintegration (28)
 T - a wand of clouds (8)
Scrolls
 c - 17 scrolls of remove curse
 i - 11 scrolls of identify
 k - 7 scrolls of blinking
 q - 7 scrolls of magic mapping
 t - 8 scrolls of teleportation
 w - 2 scrolls of silence
 x - 6 scrolls of fear
 C - 6 scrolls of fog
 V - 2 scrolls of summoning
Potions
 a - 4 potions of heal wounds
 g - 5 potions of agility
 m - 7 potions of curing
 n - 2 potions of berserk rage
 o - 4 potions of invisibility
 p - a potion of resistance
 s - 2 potions of brilliance
 v - 7 potions of lignification
 G - a potion of haste
Books
 E - a manual of Short Blades
Miscellaneous
 d - 2 sacks of spiders
 h - a lamp of fire
 D - a lightning rod (4/4)
 K - a phantom mirror
Comestibles
 z - 33 rations
 N - a chunk of flesh


   Skills:
 + Level 13.1 Fighting
 - Level 9.4 Short Blades
 + Level 21.1(21.3) Slings
 - Level 10.0 Crossbows
 - Level 3.5(11.2) Throwing
 + Level 16.6 Armour
 + Level 16.9 Dodging
 - Level 11.2 Stealth
 - Level 8.6 Charms
 - Level 4.9 Air Magic
 + Level 18.1 Invocations
 + Level 14.0 Evocations


You had 21 spell levels left.
You knew the following spells:

 Your Spells              Type           Power        Failure   Level  Hunger
a - Swiftness             Chrm/Air       ###.....     7%          2    ###....

Your spell library contained the following spells:

 Spells                   Type           Power        Failure   Level  Hunger
 Shock                    Conj/Air       #...         26%         1    ##.....
 Poisonous Vapours        Pois/Air       #.....       38%         2    ###....
 Magic Dart               Conj           #...         58%         1    ##.....
 Sting                    Tmut/Pois      #...         58%         1    ##.....
 Static Discharge         Conj/Air       #.......     63%         3    ####...
 Airstrike                Air            ##........   67%         4    #####..
 Searing Ray              Conj           #.....       73%         2    ###....
 Mephitic Cloud           Conj/Pois/Air  #.......     75%         3    ####...
 Confusing Touch          Hex            #.......     91%         3    ####...
 Conjure Flame            Conj/Fire      #.......     91%         3    ####...
 Dazzling Flash           Conj/Hex       #.....       91%         3    ####...
 Gell's Gravitas          Tloc           #.........   91%         3    ####...
 Ignite Poison            Fire/Tmut/Pois #.......     91%         3    ####...
 Recall                   Summ/Tloc      N/A          91%         3    ####...
 Iskenderun's Battlesphe  Conj/Chrm      ##......     98%         5    ######.
 Fulminant Prism          Conj/Hex       #.........   100%        4    #####..
 Hailstorm                Conj/Ice       #.......     100%        4    #####..
 Iskenderun's Mystic Bla  Conj/Tloc      #.......     100%        4    #####..
 Olgreb's Toxic Radiance  Pois           #.......     100%        4    #####..
 Petrify                  Tmut/Erth      #.......     100%        4    #####..
 Aura of Abjuration       Summ           #.........   100%        5    ######.
 Lightning Bolt           Conj/Air       #.........   100%        5    ######.
 Metabolic Englaciation   Hex/Ice        #.........   100%        5    ######.
 Summon Demon             Summ           #.........   100%        5    ######.
 Summon Forest            Summ/Tloc      #.........   100%        5    ######.
 Summon Mana Viper        Hex/Summ       #.......     100%        5    ######.
 Yara's Violent Unravell  Hex/Tmut       #.........   100%        5    ######.
 Freezing Cloud           Conj/Ice/Air   #.........   100%        6    #######
 Shadow Creatures         Summ           N/A          100%        6    #######
 Ring of Flames           Chrm/Fire      ##........   100%        7    #######


Dungeon Overview and Level Annotations

Branches:
Dungeon (15/15)            Temple (1/1) D:5            Lair (6/6) D:11
  Swamp (4/4) Lair:3       Spider (4/4) Lair:4        Slime (0/5) Lair:6
    Orc (2/2) D:12            Elf (3/3) Orc:2        Vaults (5/5) D:14
  Crypt (0/3) Vaults:2     Depths (1/5) D:15

Altars:
Ashenzari
Cheibriados
Dithmenos
Elyvilon
Fedhas
Gozag
Hepliaklqana
Kikubaaqudgha
Makhleb
Nemelex Xobeh
Okawaru
Qazlal
Ru
Sif Muna
Trog
Uskayaw
Vehumet
Wu Jian
Xom
Yredelemnul
Zin
The Shining One
Jiyva

Shops:
D:12 ([   Orc:2 ??[}   Elf:1 %   Elf:2 !   Vaults:2 *   Vaults:3 (

Portals:
Pandemonium: Orc:2

Annotations:
D:5 troll right hand stairs d
D:14 ice dragon on 13
Spider:2 Mara
Vaults:1 RedSky's ghost, adept MiGl
Vaults:3 3 runed translucent doors, Paboijatt's ghost, veteran MiFi


Innate Abilities, Weirdness & Mutations

You are small and have problems with some larger weapons.
You are somewhat resistant to further mutation.


Message History

You shoot a damnation bolt.
The damnation bolt {This is a bolt} hits the vault warden!
The vault warden is lightly wounded.
The damnation bolt explodes!
The damnation engulfs the vault warden!!
The vault warden is heavily wounded.
You are engulfed in blazing flames.
You resist.
* * * LOW HITPOINT WARNING * * *
You hear a shout!
A two-headed ogre comes into view. It is wielding two +0 giant clubs.
The yaktaur captain is engulfed in blazing flames.
The yaktaur captain explodes!
Fedhas accepts your kill.
An ancient lich comes into view.
The storm dragon breathes lightning at you.
The bolt of lightning hits your briar patch!!!
Your briar patch is destroyed!
The bolt of lightning hits you!!!
You die...
Fedhas appreciates your contribution to the ecosystem.

#.%..# #... .
#...%# #.... ..
#..§§##....
..p#..§§#§pp.
....§.§)§§p#
##%☼%))CP§#####
...§☼DPPP§§%...
.%%§§))@§§§....
...§§§P§§§§...%
.%.%§)§§§§%....
%#%.§)§§§§#####
L.%.§§§§§§C
#.%#.O§O#oo%
#.......#....
...#%..O#..Oo.


You could see an ancient lich, a storm dragon, a fire giant, 2 vault wardens, 2
vault guards, an orc knight, an ettin, 3 two-headed ogres, an ogre mage, an orc
priest, an orc and a friendly oklob plant.

Vanquished Creatures
  Bai Suzhen (Swamp:4)
  A golden dragon (Vaults:4)
  Arachne (Spider:3)
  Jorgrun (Orc:2)
  A lich (Vaults:1)
  A tentacled monstrosity (Vaults:5)
  A deep elf master archer (Elf:3)
  4 sphinxes
  Kirke (Spider:3)
  11 vault wardens
  5 deep elf sorcerers
  Aizul (Vaults:3)
  A fire giant (Vaults:4)
  A frost giant (Vaults:4)
  Louise (Spider:3)
  5 ghost moths
  7 emperor scorpions
  A ghoul (Vaults:3)
  18 ironheart preservers
  10 entropy weavers
  4 very ugly things
  7 stone giants
  4 deep elf demonologists
  Azrael (Spider:3)
  3 deep elf annihilators
  2 spark wasps (Spider:4)
  The ghost of dipablo the Fighter, a journeyman GrFi of Okawaru (Lair:4)
  7 fire dragons
  3 deep elf death magi
  3 ettins
  5 yaktaur captains
  A rakshasa (Vaults:1)
  35 vault guards
  26 hydras
  6 great orbs of eyes
  4 ice dragons
  A catoblepas (D:11)
  A spectral tengu (Vaults:1)
  A catoblepas (shapeshifter) (D:15)
  26 two-headed ogres
  4 death knights
  9 centaur warriors
  A queen ant (Spider:1)
  A spectral frost giant (Vaults:1)
  5 tengu warriors (D:15)
  24 dancing weapons
  8 ogre magi
  A spectral fire giant (Vaults:1)
  A death yak (Lair:5)
  12 alligators
  2 deep troll shamans (Vaults:1)
  A deep troll earth mage (Vaults:3)
  6 orc high priests
  3 sun demons
  A spectral human (Vaults:1)
  A spectral storm dragon (Vaults:1)
  14 deep elf knights
  A titan skeleton (Vaults:4)
  2 skeletal warriors
  2 shadow wraiths (Vaults:3)
  2 fire crabs (Swamp:4)
  2 torturous demonspawn (Orc:2)
  A death drake (shapeshifter) (Vaults:4)
  5 unseen horrors
  A glowing orange brain (shapeshifter) (Vaults:1)
  A gelid demonspawn (Orc:2)
  4 flayed ghosts
  5 wizards
  12 swamp dragons
  Pikel (D:6)
  4 spriggan druids
  9 deep trolls
  19 deep elf archers
  2 glowing orange brains
  10 ironbrand convokers
  4 necromancers
  3 harpies (Vaults:1)
  An orb spider (shapeshifter) (Vaults:4)
  3 lindwurms
  29 orb spiders
  21 orc knights
  2 phantasmal warriors
  3 tengu zombies
  45 wolf spiders
  17 ugly things
  51 deep elf magi
  8 orc sorcerers
  A spectral ettin (Vaults:1)
  A frost giant zombie (Vaults:4)
  3 manticores
  2 moths of wrath
  11 elephants
  3 fire giant skeletons
  A rust devil (Orc:2)
  An elephant (shapeshifter) (Vaults:3)
  3 torpor snails
  14 vault sentinels
  4 black mambas
  4 gargoyles
  23 spiny frogs
  A spiny frog (shapeshifter) (Vaults:1)
  2 rime drakes
  12 komodo dragons
  28 yaktaurs
  16 demonic crawlers
  9 freezing wraiths
  2 tengu conjurers (D:15)
  An efreet (D:15)
  A redback zombie (D:15)
  2 jumping spiders (shapeshifter)
  A spectral deep troll (Vaults:1)
  40 jumping spiders
  A wind drake (shapeshifter) (Vaults:4)
  6 polar bears
  A hornet (shapeshifter) (D:12)
  15 trolls
  3 meliai (D:14)
  A polar bear (shapeshifter) (Vaults:3)
  8 tyrant leeches
  A dream sheep (Lair:6)
  A raiju (shapeshifter) (Vaults:3)
  25 hornets
  30 blink frogs
  2 frost giant simulacra (Vaults:1)
  18 hippogriffs
  A meliai zombie (D:15)
  27 slime creatures
  2 dream sheep (shapeshifter)
  10 bog bodies
  84 redbacks
  A stone giant simulacrum (Vaults:3)
  An air elemental (Elf:2)
  4 shadows
  A ynoxinul (Orc:2)
  An elf simulacrum (Vaults:1)
  A wyvern (D:14)
  2 wraiths
  A spriggan (shapeshifter) (Vaults:4)
  21 tarantellas
  A tarantella (shapeshifter) (Vaults:4)
  3 water elementals
  A wyvern (shapeshifter) (D:13)
  21 spriggans
  46 yaks
  5 basilisks
  A fire elemental (Elf:2)
  3 hogs (Spider:3)
  A human (shapeshifter) (Vaults:2)
  2 hungry ghosts
  5 steam dragons
  A yaktaur simulacrum (Vaults:4)
  A chaos spawn (Orc:2)
  27 vampire mosquitoes
  3 wargs
  An acid dragon (D:13)
  11 insubstantial wisps
  Duvessa (D:6)
  26 soldier ants
  19 swamp worms
  13 water moccasins
  A floating eye (shapeshifter) (Vaults:3)
  4 hell hounds
  15 swamp drakes
  58 orc warriors
  19 porcupines
  3 sky beasts
  4 black bears
  A hornet zombie (D:5)
  3 slaves
  2 eyes of draining
  24 ogres
  5 phantoms
  4 ice beasts
  36 wolves
  An ettin simulacrum (Vaults:4)
  11 centaurs
  5 boggarts
  4 human zombies
  A human skeleton (Vaults:3)
  22 crocodiles
  22 bullfrogs
  2 big kobolds
  An earth elemental (Elf:1)
  A gnoll sergeant (D:7)
  A wyvern zombie (D:15)
  A glowing shapeshifter simulacrum (Vaults:1)
  Dowan (D:6)
  2 scorpions
  A scorpion (shapeshifter) (Vaults:2)
  9 killer bees
  A water moccasin skeleton (D:10)
  An orc simulacrum (Vaults:1)
  4 wights (D:14)
  2 electric eels (Lair:3)
  2 howler monkeys
  6 crimson imps
  6 centaur zombies
  3 human simulacra
  5 jellies
  3 quasits
  6 centaur skeletons
  9 hounds
  A bullfrog zombie (D:12)
  26 orc priests
  2 bullfrog skeletons
  27 orc wizards
  A gnoll shaman (D:4)
  Ijyb (D:3)
  An iguana (D:4)
  26 worker ants
  A hound zombie (D:10)
  A howler monkey zombie (D:8)
  2 worker ant zombies
  8 gnolls
  12 adders
  6 shadow imps
  2 oozes
  2 adder skeletons
  A worm (D:4)
  2 dart slugs
  9 leopard geckos
  122 orcs
  A ball python (D:4)
  8 giant cockroaches
  15 goblins
  5 hobgoblins
  10 jackals
  4 quokkas
  A ball python zombie (D:5)
  13 bats
  5 frilled lizards
  14 kobolds
  A leopard gecko skeleton (D:5)
  A leopard gecko zombie (D:5)
  A quokka skeleton (D:7)
  5 rats
  A ballistomycete spore (Swamp:2)
1875 creatures vanquished.

Vanquished Creatures (collateral kills)
  Frances (Spider:2)
  A vault warden (Vaults:3)
  An ironheart preserver (Vaults:4)
  A stone giant (Vaults:3)
  A spark wasp (Spider:3)
  An ogre mage (Vaults:4)
  An alligator (Swamp:4)
  A dancing weapon (Elf:2)
  A deep elf knight (Elf:2)
  A deep troll (Vaults:3)
  3 ironbrand convokers
  2 orb spiders
  A harpy (Vaults:1)
  2 deep elf magi
  A wolf spider (Spider:2)
  An ugly thing (D:14)
  A yaktaur (Vaults:3)
  2 demonic crawlers
  A tyrant leech (Lair:3)
  A jumping spider (Spider:4)
  A redback (Spider:4)
  A hungry ghost (D:15)
  2 vampire mosquitoes (Swamp:2)
  A swamp worm (Swamp:3)
  An insubstantial wisp (Swamp:4)
  An orc warrior (Vaults:1)
  2 wolves (Lair:4)
  An ogre (Vaults:1)
  An orc (Vaults:1)
  81 ballistomycete spores
117 creatures vanquished.

Vanquished Creatures (others)
  2 thorn hunters
  A fire dragon (Swamp:4)
  An alligator (Swamp:3)
  3 shambling mangroves
  3 oklob plants (Lair:6)
  A deep elf mage (Elf:1)
  2 spiny frogs
  3 hornets (Swamp:1)
  A tarantella (Spider:4)
  A shadow (Swamp:1)
  A spriggan (Swamp:2)
  A hog (Spider:3)
  A vampire mosquito (Swamp:4)
  A swamp worm (Swamp:3)
  3 insubstantial wisps
  5 swamp drakes (Swamp:4)
  An orc wizard (D:8)
  An orc (D:9)
  7 ballistomycete spores
  15 fungi
  23 plants
77 creatures vanquished.

Grand Total: 2069 creatures vanquished

Notes
Turn   | Place    | Note
-------+----------+-------------------------------------------
     0 | D:1      | Auros the Halfling Hunter began the quest for the Orb.
     0 | D:1      | Reached XP level 1. HP: 14/14 MP: 1/1
   143 | D:1      | Reached XP level 2. HP: 19/19 MP: 2/2
   151 | D:1      | Reached skill level 6 in Slings
   541 | D:2      | Reached XP level 3. HP: 20/24 MP: 3/3
   722 | D:2      | Reached skill level 7 in Slings
   767 | D:2      | Reached XP level 4. HP: 23/29 MP: 4/4
  1340 | D:3      | Found a glowing drain.
  1416 | D:3      | Found an opulent altar of Gozag.
  1487 | D:3      | Noticed Ijyb
  1491 | D:3      | HP: 1/29 [acid (10)]
  1517 | D:2      | HP: 1/29 [orc (2)]
  1818 | D:2      | Reached skill level 8 in Slings
  2383 | D:2      | Reached XP level 5. HP: 5/34 MP: 5/5
  2674 | D:3      | Killed Ijyb
  2983 | D:3      | Reached skill level 9 in Slings
  3282 | D:4      | Noticed a phantom
  3302 | D:4      | Killed a phantom
  3302 | D:4      | Reached skill level 10 in Slings
  3302 | D:4      | Reached XP level 6. HP: 39/39 MP: 6/6
  3366 | D:4      | Noticed an ice beast
  3380 | D:4      | Killed an ice beast
  3380 | D:4      | Reached XP level 7. HP: 45/45 MP: 7/7
  3709 | D:4      | Reached skill level 11 in Slings
  3838 | D:4      | Reached skill level 12 in Slings
  3918 | D:4      | Found a sacrificial altar of Ru.
  4165 | D:4      | Reached XP level 8. HP: 50/50 MP: 8/8
  4244 | D:4      | Reached skill level 1 in Armour
  4410 | D:5      | Entered Level 5 of the Dungeon
  4426 | D:5      | Found a staircase to the Ecumenical Temple.
  4490 | Temple   | Entered the Ecumenical Temple
  4611 | Temple   | Became a worshipper of Fedhas Madash
  4916 | D:5      | Found a hide-covered altar of Uskayaw.
  4916 | D:5      | Noticed a +0 dagger
  4917 | D:5      | Noticed a +0 hand axe
  4993 | D:6      | Noticed a troll
  5200 | D:5      | Found a burning altar of Makhleb.
  5588 | D:5      | You fall into a shaft and drop 2 floors!
  5599 | D:6      | Noticed Pikel
  5861 | D:6      | Reached * piety under Fedhas
  5960 | D:7      | Reached XP level 9. HP: 39/54 MP: 9/9
  6073 | D:6      | Reached skill level 5 in Dodging
  6530 | D:6      | Reached skill level 5 in Stealth
  6893 | D:6      | Killed a troll
  6893 | D:6      | Reached skill level 5 in Armour
  7082 | D:6      | Noticed Duvessa
  7086 | D:6      | Noticed Dowan
  7110 | D:6      | Killed Duvessa
  7134 | D:6      | Killed Dowan
  7534 | D:6      | Killed Pikel
  7534 | D:6      | Reached XP level 10. HP: 44/60 MP: 10/10
  7905 | D:7      | Reached ** piety under Fedhas
  9792 | D:8      | Found a burning altar of Makhleb.
 10000 | D:8      | Reached skill level 1 in Short Blades
 10250 | D:8      | Reached *** piety under Fedhas
 10305 | D:8      | Found a glowing golden altar of the Shining One.
 10795 | D:8      | Found a shattered altar of Ashenzari.
 11346 | D:9      | Noticed a centaur warrior
 11480 | D:9      | HP: 3/60 [centaur warrior/arrow (2)]
 11924 | D:9      | HP: 3/60 [centaur warrior/arrow (2)]
 12233 | D:9      | Killed a centaur warrior
 12233 | D:9      | Reached XP level 11. HP: 25/64 MP: 9/12
 12885 | D:8      | Reached skill level 5 in Short Blades
 13019 | D:8      | Found an iron altar of Okawaru.
 13186 | D:9      | Noticed a two-headed ogre
 13347 | D:8      | Killed a two-headed ogre
 13880 | D:10     | Entered Level 10 of the Dungeon
 13939 | D:10     | Reached skill level 5 in Invocations
 14502 | D:10     | Reached **** piety under Fedhas
 14839 | D:10     | HP: 1/64 [gargoyle/stone arrow (21)]
 16837 | D:10     | Reached skill level 1 in Evocations
 17111 | D:10     | Reached skill level 1 in Throwing
 18245 | D:11     | Found a staircase to the Lair.
 18491 | D:9      | Reached XP level 12. HP: 50/72 MP: 16/16
 19062 | D:11     | Killed an unseen horror
 19768 | D:11     | Noticed a two-headed ogre
 19841 | D:11     | Killed a two-headed ogre
 20184 | D:11     | Noticed a two-headed ogre
 20242 | D:11     | Killed a two-headed ogre
 20661 | D:11     | Killed an unseen horror
 21626 | D:12     | Found Tucwumakh's Weapon Emporium.
 21694 | D:12     | Found a staircase to the Orcish Mines.
 21694 | D:12     | Found Darapt's Armour Emporium.
 21975 | D:12     | Noticed a catoblepas
 21975 | D:12     | Noticed a catoblepas
 22003 | Orc:1    | Entered Level 1 of the Orcish Mines
 22276 | D:12     | Reached ***** piety under Fedhas
 22473 | D:12     | Noticed a two-headed ogre
 22486 | D:12     | Killed a two-headed ogre
 22761 | D:12     | Noticed a five-headed hydra
 22777 | D:12     | Killed a five-headed hydra
 22777 | D:12     | Reached XP level 13. HP: 80/80 MP: 18/18
 22785 | D:12     | Noticed an eight-headed hydra
 22810 | D:12     | Killed an eight-headed hydra
 22810 | D:12     | Reached skill level 13 in Slings
 22818 | D:12     | Learned a level 2 spell: Swiftness
 24232 | Orc:2    | Entered Level 2 of the Orcish Mines
 24334 | Orc:2    | Reached skill level 1 in Charms
 24757 | Orc:1    | Reached skill level 1 in Air Magic
 25720 | Orc:1    | Reached skill level 10 in Dodging
 25989 | Orc:2    | Noticed Jorgrun
 26752 | D:14     | Identified a scroll of acquirement
 26754 | D:14     | Identified the +7 hunting sling of Discretion {venom, Str-4
                  | Int+6} (You acquired it on level 14 of the Dungeon)
 26780 | D:14     | Noticed an ice dragon
 26811 | D:14     | Killed an ice dragon
 26811 | D:14     | Reached skill level 5 in Fighting
 27168 | D:13     | Reached skill level 5 in Evocations
 27834 | D:13     | Noticed an ice dragon
 28979 | D:13     | Reached skill level 10 in Armour
 29363 | D:13     | Noticed a deep elf annihilator
 29444 | D:13     | Killed a deep elf annihilator
 29694 | D:14     | Reached XP level 14. HP: 67/87 MP: 20/20
 30844 | D:15     | Entered Level 15 of the Dungeon
 31114 | D:15     | Reached skill level 14 in Slings
 31150 | D:15     | Noticed a storm dragon
 31397 | D:15     | Paralysed by an orc wizard for 7 turns
 31982 | D:15     | Reached skill level 5 in Charms
 32131 | D:15     | Got a pair of crude boots
 32142 | D:15     | Identified the +1 pair of boots of the Hills {rElec Int+3
                  | Dex+2 Slay-2} (You found it on level 15 of the Dungeon)
 32157 | D:15     | Got a smoking ring mail
 32168 | D:15     | Identified the +2 ring mail "Ibbout Yleut" {Slay+2} (You
                  | found it on level 15 of the Dungeon)
 33301 | D:15     | Reached XP level 15. HP: 47/95 MP: 16/22
 33729 | D:15     | Found a staircase to the Depths.
 34475 | Orc:2    | Killed Jorgrun
 34557 | Orc:2    | Found Doil's Magic Scroll Boutique.
 34558 | Orc:2    | Found Goorenn's Magic Scroll Shop.
 34838 | Orc:2    | Found a staircase to the Elven Halls.
 35577 | Orc:2    | Found a one-way gate leading to the halls of Pandemonium.
 35577 | Orc:2    | Found Plog's Gadget Emporium.
 35580 | Orc:2    | Found Ygoaluff's Antique Armour Shoppe.
 36669 | Orc:2    | Bought a scroll of enchant weapon for 112 gold pieces
 36669 | Orc:2    | Bought a scroll of blinking for 112 gold pieces
 36669 | Orc:2    | Bought a scroll of enchant armour for 112 gold pieces
 36673 | Orc:2    | Bought a scroll of teleportation for 45 gold pieces
 36673 | Orc:2    | Bought a scroll of blinking for 112 gold pieces
 37067 | Orc:1    | HP: 1/96 [sun demon (6)]
 38191 | Orc:2    | Reached skill level 15 in Slings
 38191 | Orc:2    | Reached skill level 10 in Invocations
 39559 | Orc:2    | Bought quicksilver dragon scales for 1740 gold pieces
 39842 | Lair:1   | Entered Level 1 of the Lair of Beasts
 40188 | Lair:1   | Got a steaming scimitar
 40189 | Lair:1   | Identified the +10 scimitar of Ragnarok {drain, Int+7} (You
                  | found it on level 1 of the Lair of Beasts)
 41800 | Lair:2   | Reached XP level 16. HP: 100/104 MP: 23/23
 42657 | Lair:3   | Found a staircase to the Swamp.
 45790 | Lair:4   | Found a hole to the Spider Nest.
 46538 | Lair:5   | Found a runed translucent door.
 46542 | Lair:5   | Noticed dipablo's ghost (journeyman GrFi)
 47219 | Lair:5   | Found a shattered altar of Ashenzari.
 47765 | Lair:5   | Got a fine flail
 47766 | Lair:5   | Identified the +10 flail "Grim" {crush, rPois rN+++ Str-3
                  | Int-4} (You found it on level 5 of the Lair of Beasts)
 47806 | Lair:6   | Entered Level 6 of the Lair of Beasts
 48780 | Lair:6   | Reached skill level 16 in Slings
 48869 | Lair:6   | Reached ****** piety under Fedhas
 49718 | Lair:6   | Reached skill level 10 in Stealth
 49754 | Lair:6   | Found the +8 orange crystal plate armour {Archmagi, Int+3
                  | Clar}
 50114 | Lair:6   | Reached XP level 17. HP: 58/111 MP: 25/25
 50524 | Lair:6   | Found a staircase to the Slime Pits.
 50524 | Lair:6   | Found a viscous altar of Jiyva.
 51013 | Lair:6   | Upgraded the game from 0.25-a0-404-gc1b5a34 to
                  | 0.25-a0-410-g53dbb63
 51516 | Spider:1 | Entered Level 1 of the Spider Nest
 52021 | Lair:4   | Killed dipablo's ghost
 55474 | Spider:1 | You fall into a shaft and drop 1 floor!
 55838 | Spider:2 | Reached XP level 18. HP: 118/118 MP: 27/27
 56256 | Spider:2 | Reached skill level 17 in Slings
 56294 | Spider:2 | Reached skill level 10 in Evocations
 57139 | Spider:2 | Noticed Frances
 57168 | Spider:2 | Killed Frances
 57758 | Spider:2 | Got a crude cloak
 57769 | Spider:2 | Identified the +1 cloak "Woaczuh" {+Fly rC+ MR+} (You found
                  | it on level 2 of the Spider Nest)
 58194 | Spider:3 | Upgraded the game from 0.25-a0-410-g53dbb63 to
                  | 0.25-a0-413-g3b4b6a4
 58216 | Spider:3 | Noticed Louise
 58242 | Spider:3 | Killed Louise
 58858 | Spider:3 | Noticed Azrael
 58858 | Spider:3 | Noticed Mara
 59079 | Spider:2 | test
 59144 | Spider:3 | Killed Azrael
 59301 | Spider:3 | Noticed Auros's illusion
 59311 | Spider:2 | Noticed Auros's illusion
 59564 | Spider:3 | Noticed Arachne
 59576 | Spider:3 | Noticed Kirke
 59591 | Spider:3 | Killed Kirke
 59983 | Spider:3 | Killed Arachne
 60470 | Spider:4 | Entered Level 4 of the Spider Nest
 61804 | Spider:3 | Reached skill level 10 in Fighting
 62358 | Spider:3 | Reached XP level 19. HP: 82/126 MP: 0/28
 64150 | Spider:4 | Reached skill level 18 in Slings
 64932 | Spider:4 | Got a gossamer rune of Zot
 65673 | Elf:1    | Entered Level 1 of the Elven Halls
 67591 | Elf:1    | Identified the Tome of Attacks
 67635 | Elf:1    | Found Cudghaove's Food Emporium.
 68092 | Elf:1    | Got a warped scale mail
 68103 | Elf:1    | Identified the +0 scale mail of the Bard {rC+ Str+3 Dex+4}
                  | (You found it on level 1 of the Elven Halls)
 68220 | Elf:2    | Noticed a Hell Sentinel
 69668 | Elf:2    | Reached XP level 20. HP: 134/134 MP: 30/30
 70644 | Elf:2    | Found Puis's Distillery.
 70853 | Elf:2    | Found a runed translucent gate.
 70853 | Elf:2    | Found a runed translucent gate.
 70859 | Elf:2    | Found a runed translucent gate.
 73093 | Elf:3    | Entered Level 3 of the Elven Halls
 73265 | Elf:3    | Reached skill level 19 in Slings
 73305 | Elf:2    | Reached skill level 15 in Dodging
 73968 | Swamp:1  | Entered Level 1 of the Swamp
 76110 | Swamp:2  | Reached skill level 15 in Armour
 77268 | Swamp:3  | Reached XP level 21. HP: 141/141 MP: 31/31
 78645 | Swamp:4  | Entered Level 4 of the Swamp
 79556 | Swamp:4  | Upgraded the game from 0.25-a0-413-g3b4b6a4 to
                  | 0.25-a0-414-g719d992
 80169 | Swamp:4  | Noticed Bai Suzhen
 80186 | Swamp:4  | Killed Bai Suzhen
 80490 | Swamp:4  | Got a decaying rune of Zot
 81097 | Depths:1 | Entered Level 1 of the Depths
 81198 | D:14     | Found a gate to the Vaults.
 81212 | Vaults:1 | Entered Level 1 of the Vaults
 82298 | Vaults:1 | Found a runed translucent gate.
 82298 | Vaults:1 | Found a runed translucent gate.
 82298 | Vaults:1 | Found a runed translucent gate.
 82954 | Vaults:1 | Reached skill level 20 in Slings
 83343 | Vaults:1 | Reached skill level 15 in Invocations
 84075 | Vaults:1 | Found the +6 arbalest "Damnation" {damnation}
 84331 | Vaults:1 | Noticed RedSky's ghost (adept MiGl)
 84398 | Vaults:1 | Upgraded the game from 0.25-a0-414-g719d992 to
                  | 0.25-a0-419-g7650d0d
 84819 | Vaults:1 | Reached XP level 22. HP: 136/149 MP: 33/33
 86271 | Vaults:2 | Reached skill level 1 in Crossbows
 86953 | Vaults:2 | Found a staircase to the Crypt.
 88629 | Vaults:2 | Found Ceihumm's General Store.
 88801 | Vaults:2 | Reached skill level 5 in Crossbows
 91116 | Vaults:3 | Found Roirchie's Antique Weapon Shoppe.
 91174 | Vaults:3 | Found a radiant altar of Vehumet.
 91213 | Vaults:3 | Paralysed by a floating eye for 3 turns
 91373 | Vaults:3 | Found a runed translucent gate.
 91373 | Vaults:3 | Found a runed translucent gate.
 91373 | Vaults:3 | Found a runed translucent gate.
 91375 | Vaults:3 | Noticed Paboijatt's ghost (veteran MiFi)
 92484 | Vaults:2 | Reached XP level 23. HP: 152/154 MP: 35/35
 92706 | Vaults:3 | Noticed Aizul
 92722 | Vaults:3 | Killed Aizul
 93728 | Vaults:3 | Reached skill level 10 in Crossbows
 94334 | Vaults:4 | Noticed a golden dragon
 97908 | Vaults:4 | Reached XP level 24. HP: 116/162 MP: 35/35
 98709 | Vaults:4 | Upgraded the game from 0.25-a0-419-g7650d0d to
                  | 0.25-a0-420-g1cc7eeb
 98989 | Vaults:4 | Killed a golden dragon
 99454 | Vaults:5 | Entered Level 5 of the Vaults
 99517 | Vaults:5 | Reached skill level 21 in Slings
 99522 | Vaults:5 | Noticed an ancient lich
 99522 | Vaults:5 | Killed from afar by a storm dragon

Levels and vault maps discovered:
D:1:      mushboom_english_gardens, layout_rooms
D:2:      layout_rooms
D:3:      layout_loops_cross, old_standard_altar, gup_sewer_entry_pipe,
          uniq_ijyb
D:4:      minmay_evil_eye, layout_rooms, minmay_ruined_shrine
D:5:      layout_basic, dancing_weapons_uskayaw, minmay_temple_entry_trees,
          basic_altar, first_ration
D:6:      layout_loops_cross, uniq_pikel, uniq_duvessa
D:7:      layout_rooms, grunt_ogre_cave
D:8:      layout_loops_ring, lemuel_round_altar, tso_metal_star, bloody_makhleb,
          nicolae_overflow_hidden_temple, st_stairs_12
D:9:      layout_rooms, serial_glass, glass_columns_b, glass_columns_a
D:10:     layout_rooms, grunt_decor_mini_mirrors
D:11:     layout_basic, minmay_lair_entry_grove
D:12:     nzn_motion_control, layout_irregular_city, orc_david_3
D:13:     minmay_connected_boxes_in_corner, layout_grid_maze
D:14:     layout_basic, david_vaults_4, enter_bailey_3, kennysheep_another_room
D:15:     grunt_enter_depths_hoard, layout_cross, dk_noncrumbling_3,
          minmay_quadrilaterals
Temple:   eino_temple_rhombus
Lair:1:   layout_hall_layers, beast_lair_carwin_5, infiniplex_staircase_pool
Lair:2:   layout_roguey, grunt_megastairs_3
Lair:3:   layout_regular_city, skrybe_swamp_entry_bodies, serial_bayou,
          serial_bayou_pond_b, serial_bayou_shore_a, serial_bayou_pond_c,
          serial_bayou_pond_a, serial_bayou_pond_a, grunt_forest_stairs_basic
Lair:4:   cheibrodos_lair_overgrown_chateau, layout_regular_city,
          spider_nest_entry_rubble, grunt_megastairs_1
Lair:5:   layout_loops_ring, basic_altar, ebering_ghost_inner_flame,
          grunt_megastairs_5
Lair:6:   minmay_lair_end_enchanted_forest, layout_hall_layers, slime_altar_1,
          grunt_megastairs_2, minmay_lair_oklob_chamber, lemuel_fruit_tree
Swamp:1:  layout_falls_marsh, nicolae_swamp_round_clearing, swamp_pool5
Swamp:2:  layout_basic_swamp, serial_swamp_ruin, evilmike_swamp_ruin_house_5,
          evilmike_swamp_ruin_house_6, evilmike_swamp_ruin_house_1, swamp_pool3
Swamp:3:  layout_falls_marsh, nicolae_swamp_triple_paths, st_swamp_ruins_2
Swamp:4:  swamp_fiery, layout_basic_swamp, swamp_pool5,
          nicolae_swamp_dense_foliage, uniq_bai_suzhen
Spider:1: nicolae_spider_corner, minivault_29
Spider:2: cheibrodos_spider_silkery, nicolae_spider_cling_ruins, uniq_frances
Spider:3: layout_spider_delve, uniq_arachne, uniq_azrael, uniq_louise,
          uniq_mara, uniq_kirke
Spider:4: johnstein_spider_rune_arachne_lair
Orc:1:    layout_caves
Orc:2:    pf_orc_diabolical, layout_caves, nicolae_orc_crystal_geode,
          uniq_jorgrun
Elf:1:    eino_elf_arrival_customs, layout_geoelf_grid, serial_shops,
          shop_coins, hangedman_corner_corridor, grunt_ministairs_14, drop_trap,
          solitary_fountain, minmay_elf_annihilation
Elf:2:    layout_loops_corners, serial_shops,
          nicolae_shop_temple_entry_statues_fountains
Elf:3:    minmay_elf_hall, layout_geoelf_diagonals
Vaults:1: gammafunk_vaults_ghost_necromancy, v_alt_pattern_5,
          nicolae_vaults_rhombus_7, special_room_vaults [special_room_orc],
          ontoclasm_vaults_spin, ontoclasm_vaults_eye, layout_vaults_omnigrid
Vaults:2: v_misc_5, v_misc_15, ontoclasm_vaults_ring_small,
          hangedman_vaults_variations, v_rooms_2, vaults_room_ringed_pool,
          v_misc_17, v_alt_pattern_6, grunt_vaults_hallway_long, serial_ice_b,
          vaults_room_door_ring, ontoclasm_vaults_chip, layout_vaults_ring,
          serial_shops, shop
Vaults:3: gammafunk_vaults_ghost_split, v_misc_8, vaults_standard_mumra_lines,
          ontoclasm_vaults_chip, ontoclasm_vaults_twist, v_pattern_4, v_misc_5,
          nicolae_vaults_three_branches, vaults_room_corners,
          layout_vaults_chaotic_city, serial_shops,
          nicolae_shop_overgrown_old_shop, basic_altar, uniq_aizul
Vaults:4: vaults_mumra_chevron, v_misc_28, nicolae_vaults_circle_grid_a,
          vaults_mumra_minichess, nicolae_vaults_triangles,
          dpeg_vaults_pockets_of_resistance, ontoclasm_vaults_ring_large,
          v_alt_pattern_6, vaults_mumra_hex, nicolae_vaults_yaktaur_gun_rack,
          serial_ice_b, vaults_dpeg_ring, layout_vaults_omnicross
Vaults:5: serial_shops
Depths:1: layout_basic, pf_coc_iceberg, serial_bayou_pond_b, roderic_lattice_a,
          nemelex_altar_shiori, serial_bayou_shore_b, serial_bayou_shore_b,
          minmay_shoptagon, firewood_loft

Skill      XL: |  1  2  3  4  5  6  7  8  9 10 11 12 13 14 15 16 17 18 19 20 21 22 23 24 |
---------------+-------------------------------------------------------------------------+-----
Fighting       | 2 4 5 6 7 8 9 10 11 12 13 | 13.1
Slings         | 6 7 8 10 12 13 14 15 16 17 18 19 20 21 | 21.1
Armour         | 3 6 8 9 10 11 12 13 14 15 16 | 16.6
Stealth        | 4 7 8 10 11 | 11.2
Dodging        | 4 7 8 9 10 11 12 13 14 15 16 | 16.9
Short Blades   | 3 7 8 9 |  9.4
Invocations    | 2 6 7 8 9 10 11 12 13 14 15 16 17 18 | 18.1
Evocations     | 2 4 5 6 8 9 10 11 12 13 14 | 14.0
Throwing       | 1 3 |  3.5
Charms         | 3 5 6 8 |  8.6
Air Magic      | 3 4 |  4.9
Crossbows      | 8 10 | 10.0

Action                   |  1- 3 |  4- 6 |  7- 9 | 10-12 | 13-15 | 16-18 | 19-21 | 22-24 || total
-------------------------+-------+-------+-------+-------+-------+-------+-------+-------++-------
Melee: Short sword       |       |     1 |       |     9 |       |       |    16 |   137 ||   163
       Dagger            |       |       |       |   900 |   660 |  1698 |     5 |       ||  3263
       Scimitar          |       |       |       |       |     1 |    20 |    50 |       ||    71
 Fire: Hunting sling     |   114 |   168 |   598 |   758 |   752 |       |       |       ||  2390
       Fustibalus        |       |       |       |       |   676 |  1433 |  2309 |  1597 ||  6015
       Arbalest          |       |       |       |       |       |       |       |    70 ||    70
Throw: Dart              |       |       |     6 |     4 |     4 |     1 |       |     1 ||    16
       Stone             |       |       |       |    26 |       |       |       |       ||    26
       Throwing net      |       |       |       |       |       |     4 |     2 |     1 ||     7
       Boomerang         |       |       |       |       |       |     3 |       |     1 ||     4
 Cast: Swiftness         |       |       |       |       |    10 |     7 |     1 |     4 ||    22
Invok: Wall of Briars    |       |       |       |     2 |    13 |    15 |    32 |    26 ||    88
       Grow Ballistomyce |       |       |       |     1 |     5 |    13 |     4 |     2 ||    25
       Grow Oklob        |       |       |       |       |     1 |     3 |     1 |     1 ||     6
       Overgrow          |       |       |       |       |     2 |       |     2 |     1 ||     5
 Abil: Evoke Flight      |       |       |       |       |       |     1 |    10 |       ||    11
Evoke: Wand              |       |       |       |       |     5 |    15 |     3 |       ||    23
       Lightning rod     |       |       |       |       |       |       |     1 |       ||     1
  Use: Potion            |       |     2 |     4 |       |     4 |     6 |     1 |     5 ||    22
       Scroll            |       |     2 |     9 |    10 |    17 |     8 |     6 |     2 ||    54
 Stab: Sleeping          |       |       |       |    12 |    17 |    22 |     9 |     1 ||    61
       Distracted        |       |       |       |       |       |     3 |       |       ||     3
       Held in net/web   |       |       |       |       |       |     1 |       |       ||     1
  Eat: Chunk             |       |     7 |    11 |    39 |    30 |    30 |    22 |    12 ||   151
       Ration            |       |       |       |     3 |     9 |    11 |    15 |    10 ||    48
Armor: Leather armour    |    10 |     4 |    12 |       |       |       |       |       ||    26
       Troll leather arm |       |       |    11 |     3 |       |       |       |       ||    14
       Robe              |       |       |       |    51 |       |       |       |       ||    51
       Ring mail         |       |       |       |     9 |    64 |       |       |       ||    73
       Scale mail        |       |       |       |   200 |   246 |       |       |       ||   446
       Quicksilver drago |       |       |       |       |    56 |   682 |   467 |   170 ||  1375
       Chain mail        |       |       |       |       |    16 |       |       |       ||    16
       Crystal plate arm |       |       |       |       |       |   460 |       |       ||   460
       Skin              |       |       |       |       |       |     2 |       |    20 ||    22
       Fire dragon scale |       |       |       |       |       |       |       |    13 ||    13
Dodge: Dodged            |    37 |    53 |   160 |   913 |  1208 |  2141 |  1279 |   786 ||  6577
       Deflected         |       |       |       |       |       |     2 |       |       ||     2
       Rpst.: Scimitar   |       |       |       |       |       |     5 |     3 |       ||     8

Table legend:
 A = Non-vault XP
 B = Vault XP
 C = Vault XP percentage of total XP
 D = Non-vault monster count
 E = Vault monster count
 F = Vault count percentage of total count
                 A         B        C        D         E       F
            +---------+---------+-------+---------+---------+-------
      Total |  405113 |  343911 |  45.9 |    1233 |     681 |  35.6
            +---------+---------+-------+---------+---------+-------
        D:1 |      31 |       0 |   0.0 |      12 |       0 |   0.0
        D:2 |      81 |       0 |   0.0 |      41 |       0 |   0.0
        D:3 |      48 |      57 |  54.3 |      19 |       9 |  32.1
        D:4 |     529 |     308 |  36.8 |      18 |       7 |  28.0
        D:5 |     666 |       0 |   0.0 |      20 |       0 |   0.0
        D:6 |    2078 |     917 |  30.6 |      38 |       3 |   7.3
        D:7 |     788 |     130 |  14.2 |      22 |       2 |   8.3
        D:8 |    2807 |       0 |   0.0 |      37 |       0 |   0.0
        D:9 |    2802 |       0 |   0.0 |      20 |       0 |   0.0
       D:10 |    2664 |     401 |  13.1 |      38 |       3 |   7.3
       D:11 |   10150 |    2352 |  18.8 |      44 |      11 |  20.0
       D:12 |    5387 |    1490 |  21.7 |      28 |      10 |  26.3
       D:13 |    1782 |    5973 |  77.0 |       9 |      19 |  67.9
       D:14 |   14500 |    1525 |   9.5 |      46 |       7 |  13.2
       D:15 |   14165 |    4706 |  24.9 |      38 |       9 |  19.1
     Lair:1 |    3621 |    1244 |  25.6 |      20 |       9 |  31.0
     Lair:2 |    3574 |       0 |   0.0 |      17 |       0 |   0.0
     Lair:3 |    4611 |    2174 |  32.0 |      25 |       9 |  26.5
     Lair:4 |    7875 |    5207 |  39.8 |      32 |      18 |  36.0
     Lair:5 |    7238 |    1889 |  20.7 |      23 |       5 |  17.9
     Lair:6 |   11742 |   11175 |  48.8 |      35 |      52 |  59.8
    Swamp:1 |   10699 |     407 |   3.7 |      34 |       3 |   8.1
    Swamp:2 |   19496 |    3531 |  15.3 |      50 |       5 |   9.1
    Swamp:3 |    7133 |    3593 |  33.5 |      16 |       4 |  20.0
    Swamp:4 |   10471 |   16369 |  61.0 |      36 |      25 |  41.0
   Spider:1 |   19860 |   23898 |  54.6 |      57 |      82 |  59.0
   Spider:2 |   14367 |    8938 |  38.4 |      39 |      16 |  29.1
   Spider:3 |    9197 |   17543 |  65.6 |      22 |      23 |  51.1
   Spider:4 |   19134 |   23952 |  55.6 |      53 |      39 |  42.4
      Orc:1 |    3125 |    4998 |  61.5 |      26 |      13 |  33.3
      Orc:2 |    1453 |   16566 |  91.9 |      23 |      51 |  68.9
      Elf:1 |   20598 |   11021 |  34.9 |      29 |      20 |  40.8
      Elf:2 |   18824 |   24161 |  56.2 |      29 |      31 |  51.7
      Elf:3 |     886 |    3658 |  80.5 |       1 |       2 |  66.7
   Vaults:1 |   29647 |   31191 |  51.3 |      51 |      62 |  54.9
   Vaults:2 |   30226 |   15430 |  33.8 |      57 |      23 |  28.8
   Vaults:3 |   38545 |   43311 |  52.9 |      61 |      52 |  46.0
   Vaults:4 |   47651 |   28707 |  37.6 |      60 |      31 |  34.1
   Vaults:5 |    6662 |   27089 |  80.3 |       7 |      26 |  78.8
            +---------+---------+-------+---------+---------+-------
